 Dungeon Crawl Stone Soup version 0.18-a0-1507-g69458e0 (webtiles) character file.

82 SlimeFever the Conjurer (level 4, -6/30 HPs)
             Began as a Human Conjurer on Mar 5, 2016.
             Mangled by a goblin
             ... wielding a +0 club
             ... led by Robin
              (9 damage)
             ... on level 3 of the Dungeon.
             The game lasted 00:14:27 (1631 turns).

SlimeFever the Conjurer (Human Conjurer)            Turns: 1631, Time: 00:14:27

Health: -6/30      AC:  2    Str:  8    XL:     4   Next: 70%
Magic:  1/7        EV: 13    Int: 16    God:
Gold:   40         SH:  0    Dex: 14    Spells: 4 memorised, 1 level left

rFire  . . .     SeeInvis .     h - +1 dagger (drain)
rCold  . . .     Gourm    .     a - +0 robe
rNeg   . . .     Faith    .     (no shield)
rPois  .         Spirit   .     (no helmet)
rElec  .         Dismiss  .     (no cloak)
rCorr  .         Reflect  .     (no gloves)
SustAt .         Harm     .     (no boots)
MR     .....                    (no amulet)
Stlth  ++........               (no ring)
                                (no ring)

@: not resistant to hostile enchantments, unstealthy
A: no striking features
a: no special abilities


You were on level 3 of the Dungeon.
You were not hungry.

You visited 1 branch of the dungeon, and saw 3 of its levels.

You collected 40 gold pieces.

Inventory:

Hand Weapons
 h - a +1 dagger of draining (weapon)
 p - a +0 short sword
Missiles
 e - 34 poisoned needles
 f - 42 bolts
 i - 21 arrows
Armour
 a - a +0 robe (worn)
Scrolls
 k - a scroll of immolation
Potions
 j - 2 potions of berserk rage {unknown}
 l - a potion of agility {unknown}
 m - a potion of curing {unknown}
 o - a potion of cancellation {unknown}
Books
 b - a book of Conjurations

   Spells                             Type                      Level
   a - Magic Dart                     Conjuration                  1
   b - Searing Ray                    Conjuration                  2
   c - Dazzling Spray                 Conjuration/Hexes            3
   d - Fulminant Prism                Conjuration/Hexes            4
   e - Iskenderun's Mystic Blast      Conjuration                  4
   f - Iskenderun's Battlesphere      Conjuration/Charms           5
 g - a book of Maledictions

   Spells                             Type                      Level
   a - Corona                         Hexes                        1
   b - Ensorcelled Hibernation        Hexes/Ice                    2
   c - Confuse                        Hexes                        3
   d - Tukima's Dance                 Hexes                        3
   e - Dazzling Spray                 Conjuration/Hexes            3
Comestibles
 c - 3 bread rations
 d - a meat ration


   Skills:
 + Level 2.6 Dodging
 + Level 2.4 Stealth
 + Level 2.3 Spellcasting
 + Level 5.0 Conjurations
 + Level 0.4 Hexes


You had one spell level left.
You knew the following spells:

 Your Spells              Type           Power        Failure   Level  Hunger
a - Magic Dart            Conj           ###.         2%          1    #......
b - Searing Ray           Conj           ###...       4%          2    ###....
c - Corona                Hex            #......      21%         1    #......
d - Ensorcelled Hibernat  Hex/Ice        #.....       30%         2    ###....


Dungeon Overview and Level Annotations

Branches:
Dungeon (3/15)

Altars:
Dithmenos
Xom

Annotations:
D:3 Robin


Message History

Without enough magic to sustain it, your searing ray dissipates.
Robin roars a battlecry!
The goblins go into a battle-frenzy!
The goblin hits you but does no damage.
The goblin shouts!
You hit the goblin.
The goblin is moderately wounded.
The goblin hits you with a dagger.
You hit the goblin.
You kill the goblin!
Robin throws the goblin at you! The goblin hits you with a club.
* * * LOW HITPOINT WARNING * * *
Robin throws the goblin at you!
* * * LOW HITPOINT WARNING * * *
The goblin hits you with a club.
* * * LOW HITPOINT WARNING * * *
You hit the goblin.
The goblin is heavily wounded.
The goblin hits you with a club!
You die...

#.. ..g .g. #g# #o#
#### #h# ... #)#
######
.####.###g###≈≈.###
........@gg##.###)###
..####...#####.⌠..≈≈##
.....#...##.≈.#..#...#
#......#.##.#.#^#⌠#
#......##≈.≈#^≈#.≈#
#......#≈⌠....#..##
#.#....##.##.^#.#≈#
#.#.......#..#≈⌠≈## #
######.#....≈≈..#


You could see 3 goblins.

Vanquished Creatures
  Natasha (D:2)
  An adder (D:3)
  An ooze (D:2)
  A dart slug (D:1)
  A giant gecko (D:2)
  A giant cockroach (D:2)
  9 goblins
  8 hobgoblins
  4 jackals (D:1)
  3 kobolds (D:1)
  A ball python (D:1)
  5 bats
  A giant newt (D:3)
  3 rats
40 creatures vanquished.

Notes
Turn   | Place    | Note
--------------------------------------------------------------
     0 | D:1      | SlimeFever the Human Conjurer began the quest for the Orb.
     0 | D:1      | Reached XP level 1. HP: 13/13 MP: 3/3
   213 | D:1      | Reached XP level 2. HP: 16/19 MP: 1/5
   232 | D:1      | Learned a level 2 spell: Searing Ray
   774 | D:1      | Reached XP level 3. HP: 24/24 MP: 3/6
  1041 | D:2      | Learned a level 1 spell: Corona
  1044 | D:2      | Learned a level 2 spell: Ensorcelled Hibernation
  1044 | D:2      | Found a shadowy altar of Dithmenos.
  1130 | D:2      | Noticed Natasha
  1140 | D:2      | Killed Natasha
  1140 | D:2      | Reached XP level 4. HP: 22/30 MP: 0/7
  1595 | D:3      | Found a shimmering altar of Xom.
  1620 | D:3      | Noticed Robin
  1621 | D:3      | Reached skill level 5 in Conjurations
  1631 | D:3      | Mangled by a goblin

Vault maps used:
D:1:      dpeg_arrival_leaves_temple_mockup
D:2:      lemuel_coloured_pillars_altar, uniq_natasha, uniq_sigmund,
          uniq_terence
D:3:      nicolae_tso_swordbearing_angel, tgw_xom, uniq_robin

Skill      XL: |  1  2  3  4 |
---------------+-------------+-----
Conjurations   | 5 |  5.0
Dodging        | |  2.6
Stealth        | |  2.4
Spellcasting   | |  2.3
Hexes          | |  0.4

Action                   |  1- 3 |  4- 6 || total
-------------------------+-------+-------++-------
Melee: Dagger            |    34 |    22 ||    56
 Cast: Magic Dart        |    30 |     6 ||    36
       Searing Ray       |     2 |     2 ||     4
       Corona            |     2 |     3 ||     5
       Ensorcelled Hiber |       |     1 ||     1
  Use: Scroll            |     2 |     1 ||     3
 Stab: Sleeping          |       |     1 ||     1
  Eat: Meat ration       |       |     1 ||     1
